 Dungeon Crawl Stone Soup version 0.16-a0-3330-g2931290 (webtiles) character file.

930 PolkaDot the Covert (level 7, -1/49 HPs)
             Began as a Vampire Assassin on Dec 28, 2014.
             Was a Follower of Dithmenos.
             Succumbed to flammableBen's ghost's poison
             ... on level 3 of the Dungeon.
             The game lasted 00:20:45 (8031 turns).

PolkaDot the Covert (Vampire Assassin)              Turns: 8031, Time: 00:20:45

Health: -1/49      AC:  6    Str: 10    XL:     7   Next: 86%
Magic:  10/11      EV: 12    Int: 13    God:    Dithmenos [*.....]
Gold:   239        SH:  0    Dex: 17    Spells: 0 memorised, 6 levels left

rFire  . . .     SeeInvis +     j - +2 dagger (drain)
rCold  + . .     Clarity  +     c - +0 robe
rNeg   + + .     SustAb   .     (no shield)
rPois  +         Gourm    .     m - +2 helmet
rElec  .         Spirit   .     d - +0 cloak
rCorr  .         Warding  .     (no gloves)
rMut   .         Rnd*Tele +     (no boots)
MR     .....                    k - amulet of clarity
Stlth  +++++++...               (no ring)
                                h - ring of teleportation (curse)

@: lethally poisoned, regenerating slowly, wreathed by umbra, not resistant to
hostile enchantments, extremely stealthy
A: bottle blood, fangs 3, see invisible, unbreathing
a: Bat Form, Renounce Religion, Evoke Teleportation


You were on level 3 of the Dungeon.
You worshipped Dithmenos.
Dithmenos was aware of your devotion.
You were very thirsty.

You visited 2 branches of the dungeon, and saw 6 of its levels.

You collected 239 gold pieces.

Inventory:

Hand weapons
 b - a +1 blowgun
 j - a +2 dagger of draining (weapon)
Missiles
 e - 28 poisoned needles
 f - 2 curare-tipped needles
Armour
 c - a +0 robe (worn)
 d - a +0 cloak (worn)
 m - a +2 helmet (worn)
Jewellery
 h - a cursed ring of teleportation (left hand)
 k - an amulet of clarity (around neck)
Scrolls
 a - 2 scrolls of identify
 g - a scroll of fear
 i - 2 scrolls of recharging
 l - 3 scrolls of teleportation
Potions
 n - 6 potions of blood {@*1}
 o - 2 potions of haste
 p - a potion of heal wounds


   Skills:
 - Level 1.7 Fighting
 + Level 5.3 Short Blades
 - Level 1.5 Throwing
 - Level 1.1 Dodging
 * Level 11.6 Stealth
 + Level 3.9 Evocations


You had 6 spell levels left.
You didn't know any spells.

Dungeon Overview and Level Annotations

Branches:
Dungeon (5/15)             Temple (1/1) D:4

Altars:
Ashenzari
Cheibriados
Dithmenos
Gozag
Makhleb
Nemelex Xobeh
Okawaru
Qazlal
Ru
Sif Muna
Trog
Vehumet
Xom
Yredelemnul
Zin
The Shining One

Annotations:
D:4 flammableBen's ghost, experienced HuCj


Innate Abilities, Weirdness & Mutations

You heal slowly.
You can bottle blood from corpses.
You have razor-sharp teeth.
You have supernaturally acute eyesight.
You can survive without breathing.


Message History

You feel sick.
* * * LOW HITPOINT WARNING * * *
You feel sick.
* * * LOW HITPOINT WARNING * * *
You feel sick.
* * * LOW HITPOINT WARNING * * *
You feel very sick.
There is a stone staircase leading up here.
* * * LOW HITPOINT WARNING * * *
You feel very sick.
You fly upwards.
There is a stone staircase leading down here.
Use which ability? (? or * to list)
Your transformation has ended.
Your +2 dagger of draining unmelds from your body.
Your +0 cloak unmelds from your body.
Your +2 helmet unmelds from your body.
Your +0 robe unmelds from your body.
Your cursed ring of teleportation unmelds from your body.
You sense an unholy aura.
You feel slightly jumpy.
You die...

#......#.......#.#
##.###.#.##....#.#
#.###.#.......#..
#.............#..
#..####.###.#.#..
#..##.....#...#..
#..##.#.###...#..
##..##.._..#.>.#..
#@...###.#.#..##.#
###..#.....#.....#
######.###.#####
#.....# # #######
# # # # #


There were no monsters in sight!

Vanquished Creatures
  The ghost of Afay the Magician, an experienced DEWz of Sif Muna (D:5)
  An ogre (D:3)
  Duvessa (D:4)
  A crimson imp (D:5)
  Dowan (D:4)
  An orc priest (D:4)
  A hound (D:5)
  7 orc wizards
  A worker ant (D:4)
  A worker ant zombie (D:5)
  8 adders
  A giant mite (D:2)
  A shadow imp (D:5)
  A worm (D:2)
  4 giant geckos
  3 oozes
  22 orcs
  A ball python (D:5)
  7 giant cockroaches
  10 hobgoblins
  2 jackals (D:2)
  A quokka (D:5)
  18 bats
  6 giant newts
  8 goblins
  11 kobolds
  9 rats
129 creatures vanquished.

Notes
Turn   | Place    | Note
--------------------------------------------------------------
     0 | D:1      | PolkaDot, the Vampire Assassin, began the quest for the Orb.
     0 | D:1      | Reached XP level 1. HP: 16/16 MP: 1/1
    13 | D:1      | Reached skill level 6 in Stealth
   324 | D:1      | Reached XP level 2. HP: 17/22 MP: 2/2
  1304 | D:1      | Reached skill level 7 in Stealth
  1346 | D:1      | Reached XP level 3. HP: 19/27 MP: 3/3
  1688 | D:2      | Reached skill level 1 in Evocations
  1857 | D:2      | Reached XP level 4. HP: 20/33 MP: 4/4
  2632 | D:3      | Reached skill level 8 in Stealth
  2977 | D:3      | Found an opulent altar of Gozag.
  3369 | D:3      | Reached XP level 5. HP: 38/38 MP: 6/6
  4043 | D:4      | Noticed Dowan
  4046 | D:4      | Noticed Duvessa
  4079 | D:4      | Killed Dowan
  4079 | D:4      | Reached skill level 9 in Stealth
  4511 | D:4      | Reached XP level 6. HP: 22/44 MP: 6/8
  4515 | D:4      | Noticed flammableBen's ghost (experienced HuCj)
  4531 | D:5      | Entered Level 5 of the Dungeon
  5345 | D:4      | You fall through a shaft!
  5496 | D:4      | Found a staircase to the Ecumenical Temple.
  5515 | Temple   | Entered the Ecumenical Temple
  5688 | Temple   | Became a worshipper of Dithmenos the Shadowed
  5856 | D:4      | Killed Duvessa
  5856 | D:4      | Reached skill level 10 in Stealth
  5969 | D:4      | HP: 1/44 [orc/flail (5)]
  6280 | D:3      | Noticed an ogre
  6290 | D:3      | Killed an ogre
  6290 | D:3      | Reached XP level 7. HP: 35/49 MP: 8/10
  7053 | D:5      | Noticed Afay's ghost (experienced DEWz)
  7069 | D:5      | Killed Afay's ghost
  7069 | D:5      | Reached skill level 5 in Short Blades
  7069 | D:5      | Reached skill level 11 in Stealth
  7382 | D:5      | Found a burning altar of Makhleb.
  7382 | D:5      | Found a deep blue altar of Sif Muna.
  7384 | D:5      | Found an iron altar of Okawaru.
  8031 | D:3      | Succumbed to flammableBen's ghost's poison

Action                   |  1- 3 |  4- 6 |  7- 9 || total
-------------------------+-------+-------+-------++-------
Melee: Dagger            |   137 |   276 |   246 ||   659
 Abil: End Transformatio |       |     3 |     3 ||     6
       Bat Form          |       |     3 |     3 ||     6
  Use: Potion            |     4 |     6 |     1 ||    11
       Scroll            |       |    13 |       ||    13
 Stab: Sleeping          |    13 |    10 |     4 ||    27
       Invisible         |     2 |       |       ||     2
       Distracted        |     1 |     3 |     1 ||     5
  Eat: Corpse            |     1 |     9 |     1 ||    11
